 Dungeon Crawl Stone Soup version 0.31.0-32-g396128a36d (webtiles) character file.

Game seed: 3214156034897622800

5 mainiacjoe the Insei (level 1, 0/14 HPs)
             Began as an Octopode Gladiator on Apr 5, 2024.
             Slain by a giant cockroach (2 damage)
             ... on level 1 of the Dungeon.
             The game lasted 00:00:24 (144 turns).

mainiacjoe the Insei (Octopode Gladiator)            Turns: 144, Time: 00:00:25

Health: 0/14       AC:  1    Str: 13    XL:     1   Next: 80%
Magic:  1/1        EV: 13    Int: 10    God:
Gold:   20         SH:  0    Dex: 13    Spells: 0/0 levels left

rFire   . .          .
                       - Unarmed
rCold   . . .        (no shield)
rNeg    . . .        a - +0 hat
rPois   .            (no amulet)
rElec   .            (no ring)
rCorr   .            (no ring)
SInv    .            (no ring)
Will    .....        (no ring)
Stlth   ++           (no ring)
HPRegen 0.22/turn    (no ring)
MPRegen 0.07/turn    (no ring)
                     (no ring)

%: no passive effects
@: no status effects
A: almost no armour, amphibious, 8 rings, camouflage 1, gelatinous body 1,
(nimble swimmer 1), tentacles
a: no special abilities


You were on level 1 of the Dungeon.
You visited 1 branch of the dungeon, and saw 1 of its levels.

You collected 20 gold pieces.

Inventory:

Missiles
 b - 3 throwing nets {=F}
 c - a javelin
 f - 2 stones
Armour
 a - a +0 hat (worn)
Scrolls
 e - a scroll of teleportation {unknown}
Potions
 d - 2 potions of resistance {unknown}
 g - a potion of curing {unknown}
 h - a potion of ambrosia {unknown}


   Skills:
 + Level 2.1 Fighting
 - Level 2.0 Throwing
 + Level 3.0 Dodging
 * Level 3.2 Unarmed Combat


You couldn't memorise any spells.
You didn't know any spells.
Your spell library was empty.

Dungeon Overview and Level Annotations

Branches:
Dungeon (1/15)

Altars:


Innate Abilities, Weirdness & Mutations

You cannot wear most types of armour.
You are amphibious.
You can wear up to eight rings at the same time.
Your skin changes colour to match your surroundings (Stealth+).
Your rubbery body absorbs attacks. (AC +1, EV +1)
((You are camouflaged when in or above water. (Stealth+)))
You have tentacles for arms and can constrict up to eight enemies at once.


Message History

Found a scroll labelled XISEPS ROTYI.
The ball python hisses angrily.
The kobold shouts!
You hear a shout!
A hobgoblin comes into view.
The kobold closely misses you.
You tentacle-slap the kobold. You grab the kobold.
You squeeze the kobold, but do no damage.
The kobold is moderately wounded.
You constrict the kobold, but do no damage.
A giant cockroach comes into view.
The kobold hits you with a +0 dagger.
You tentacle-slap the kobold but do no damage.
The kobold is moderately wounded.
You constrict the kobold, but do no damage.
The ball python closely misses you. x2; The kobold hits you with a +0 dagger.
There are monsters nearby!
You tentacle-slap the kobold but do no damage.
You tentacle-slap the kobold, but do no damage.
The kobold is moderately wounded.
You constrict the kobold.
You kill the kobold!
The ball python bites you but does no damage.
The ball python grabs you. The ball python constricts you.
You closely miss the ball python. You grab the ball python.
You constrict the ball python. The ball python bites you.
The ball python constricts you.
You tentacle-slap the giant cockroach but do no damage.
Your grab misses the giant cockroach. You constrict the ball python.
The ball python bites you. The ball python constricts you.
The giant cockroach closely misses you.
You escape the ball python's grasp.
You release your grip on the ball python.
The hobgoblin hits you.
The ball python bites you but does no damage.
The ball python misses you.
You barely miss the hobgoblin. You grab the hobgoblin.
You constrict the hobgoblin, but do no damage.
The hobgoblin hits you.
* * * LOW HITPOINT WARNING * * *
The giant cockroach bites you.
You die...

.## #...# ..# ###.# ##
.. #.# ##.# . ?#
#..####..# .# ..
#....#.## ?..##.#
###.#.####.# ..#.##
##........# #....
##..#...######g.#
#††...#..####S@######
#..†..####..$...B..>...#
#...............)......#
#..##.#....###..########
... #...#### ##..#
...>.$### ..$# ##....#
.#..# ..##.# .. #.# ..
..


You could see a giant cockroach, a hobgoblin and a ball python.

Vanquished Creatures
  A giant cockroach (D:1)
  A quokka (D:1)
  A frilled lizard (D:1)
  A kobold (D:1)
  2 rats (D:1)
6 creatures vanquished.

Notes
Turn   | Place    | Note
-------+----------+-------------------------------------------
     0 | D:1      | mainiacjoe the Octopode Gladiator began the quest for the
                  | Orb.
     0 | D:1      | Reached XP level 1. HP: 14/14 MP: 1/1
   144 | D:1      | Slain by a giant cockroach

Illustrated notes

Levels and vault maps discovered:
D:1:      shiori_arrival_maze, layout_rooms, minmay_pentomino_w2

Action                     || total
---------------------------++-------
  Melee: Unarmed           ||    11
         Constrict         ||     5
         Tentacles         ||     2
         Punch             ||     1
  Throw: Javelin           ||     1
   Stab: Sleeping          ||     2
 Armour: Skin              ||    10
  Dodge: Dodged            ||     5
